AoeStats
← Bandolero

Lombardia

510017562Analyzed
4v4 RM · 2d ago on Sep 29, 2026· 24m 34s· 8 players
Game mode
Random Map
Map size
Large (8 player)
Population
200
Speed
Normal
Resources
Standard
Victory
Conquest
Starting age
Dark Age
Ending age
Imperial Age
RankedLock teamsTeams togetherTeam positionsShared explorationLock speedFull tech treeHidden civsTurbo modeCheats
Victory
Defeat
🇲🇽 Vietnamese · Mexico
1675
+14
🇺🇸 Malians · United States
1659
+14
🇨🇴 Berbers · Colombia
1644
+15
🇲🇽 Khitans · Mexico
1608
+17
🇦🇺 Danes · Australia
1649
-16
🇦🇷 Britons · Argentina
1635
-15
🇨🇳 Bohemians · China
1619
-15
🇨🇳 Franks · China
1592
-14
DS_Gabo
5:03 Loom
7:17 Loom
9:10 Feudal Age
9:34 Man-at-Arms
16:46 Double-Bit Axe
18:57 Horse Collar
23:25 Castle Age
21:44 Gold Mining
21:44 Stone Mining
22:32 Stone Mining
Rv
6:40 Loom
9:22 Feudal Age
10:10 Double-Bit Axe
10:05 Horse Collar
15:39 Forging
21:34 Castle Age
20:37 Stone Mining
20:39 Gold Mining
22:56 Bow Saw
22:47 Heavy Plow
23:48 Husbandry
24:54 Iron Casting
24:45 Scale Barding Armor
javiermx
11:16 Feudal Age
16:25 Castle Age
15:04 Forging
14:50 Double-Bit Axe
15:27 Domestication
17:50 Iron Casting
EL TIGRE ABELARDO
8:47 Feudal Age
9:24 Loom
10:20 Double-Bit Axe
10:30 Horse Collar
14:46 Forging
21:56 Castle Age
20:23 Stone Mining
20:25 Fletching
20:28 Gold Mining
21:27 Scale Barding Armor
21:33 Bloodlines
22:59 Bow Saw
22:50 Heavy Plow
23:48 Gold Shaft Mining
23:21 Bodkin Arrow
24:26 Wheelbarrow
Bandolero
6:48 Loom
8:58 Feudal Age
10:09 Double-Bit Axe
15:40 Forging
18:14 Scale Barding Armor
21:29 Gold Mining
24:00 Castle Age
21:50 Horse Collar
lemon tea
11:06 Feudal Age
11:22 Loom
15:44 Castle Age
13:52 Double-Bit Axe
14:35 Horse Collar
16:31 Town Watch
22:09 Fervor
23:44 Wheelbarrow
RogerRamjet
6:25 Loom
9:06 Feudal Age
10:09 Man-at-Arms
13:06 Horse Collar
20:31 Castle Age
18:50 Scale Mail Armor
20:09 Forging
20:41 Long Swordsman
21:22 Squires
21:38 Double-Bit Axe
21:50 Arson
21:50 Pikeman
Element-Dy
6:14 Loom
8:42 Feudal Age
10:22 Double-Bit Axe
12:07 Wheelbarrow
20:03 Castle Age
18:49 Scale Barding Armor
20:59 Bow Saw
21:55 Hand Cart
Connection lost

Rejoining the realm…

Still unreachable

The connection could not be restored.

Session expired

The server has moved on; the page needs a fresh start.